 Dungeon Crawl Stone Soup version 0.30-a0-385-gfebfb9b408 (webtiles) character file.

Game seed: 2492732869264472187

962 Spess the Changer (level 7, 0/58 HPs)
             Began as a White Draconian Transmuter on Dec 3, 2022.
             Was an Initiate of Wu Jian.
             Slain by a gnoll bouda
             ... wielding a +0 mace
              (3 damage)
             ... on level 5 of the Dungeon.
             The game lasted 00:38:20 (5201 turns).

Spess the Changer (White Draconian Transmuter)      Turns: 5201, Time: 00:38:21

Health: 0/58       AC:  2    Str: 13    XL:     7   Next: 92%
Magic:  10/14      EV: 20    Int: 15    God:    Wu Jian [......]
Gold:   206        SH:  0    Dex: 16    Spells: 8/15 levels left

rFire   . . .      SeeInvis +      - Unarmed
rCold   . . .      Faith    .    (shield currently unavailable)
rNeg    . . .      Spirit   .    (body armour unavailable)
rPois   x          Reflect  .    (helmet currently unavailable)
rElec   .          Harm     .    (cloak currently unavailable)
rCorr   +          Rampage  .    (gloves currently unavailable)
Will    .....                    (boots currently unavailable)
Stlth   ++........               (no amulet)
HPRegen 0.29/turn                r - ring of resist corrosion
MPRegen 0.14/turn                t - ring of see invisible

@: brilliant, spider-form, weakened
A: venomous fangs, (breathe frost), AC +6, tiny, unfitting armour, (cold
resistance 1), (cold-blooded)
a: End Transformation, Renounce Religion


You were on level 5 of the Dungeon.
You worshipped Wu Jian.
Wu Jian was noncommittal.
You were a venomous arachnid creature.
You visited 2 branches of the dungeon, and saw 6 of its levels.

You collected 206 gold pieces.

Inventory:

Hand Weapons
 a - a +0 dagger
 d - a +0 sling
 o - a +4 antimagic scythe
 w - a +0 arbalest
 C - a +1 trident of flaming
 I - a +0 whip of draining
 J - a +0 halberd
Missiles
 b - 61 stones
 x - 7 poisoned darts
 L - 6 atropa-tipped darts
 M - 2 boomerangs
Armour
 p - a +0 buckler
 F - a +0 cloak (melded)
Jewellery
 r - a ring of resist corrosion (left front leg)
 t - a ring of see invisible (right front leg)
 y - an amulet of guardian spirit
 H - a +6 ring of strength
Wands
 q - a wand of mindburst (5)
 D - a wand of charming (6)
 N - a wand of quicksilver (7)
Scrolls
 c - a scroll of blinking {unknown}
 e - 2 scrolls of torment {unknown}
 f - 2 scrolls of vulnerability {unknown}
 k - a scroll of teleportation {unknown}
 n - 3 scrolls of enchant armour {unknown}
 u - 3 scrolls of identify {unknown}
 A - 2 scrolls of acquirement {unknown}
 B - a scroll of butterflies {unknown}
 E - 2 scrolls of enchant weapon {unknown}
 K - a scroll of noise {unknown}
Potions
 g - 4 potions of brilliance
 h - a potion of lignification
 i - 2 potions of curing
 j - a potion of resistance {unknown}
 l - 2 potions of heal wounds {unknown}
 m - a potion of invisibility {unknown}
 s - a potion of degeneration {unknown}
 v - 2 potions of mutation {unknown}
 z - a potion of attraction {unknown}
 G - a potion of flight {unknown}


   Skills:
 + Level 3.8 Fighting
 - Level 3.0 Dodging
 - Level 3.0 Stealth
 + Level 3.7 Unarmed Combat
 + Level 4.8 Spellcasting
 - Level 1.0 Hexes
 + Level 4.8 Transmutations
 - Level 1.0 Poison Magic


You had 8 spell levels left.
You knew the following spells:

 Your Spells              Type           Power      Damage    Failure   Level
a - Beastly Appendage     Tmut           54%        N/A       9%          1
b - Slow                  Hex            36%        N/A       26%         1
c - Wereblood             Tmut           27%        N/A       12%         2
d - Spider Form           Tmut/Pois      18%        N/A       34%         3

Your spell library contained the following spells:

 Spells                   Type           Power      Damage    Failure   Level
 Sublimation of Blood     Necr           5%         N/A       47%         2
 Confusing Touch          Hex            9%         N/A       54%         3
 Vampiric Draining        Necr           5%         2d6       67%         3
 Ice Form                 Ice/Tmut       16%        N/A       73%         4
 Petrify                  Tmut/Erth      16%        N/A       73%         4
 Irradiate                Conj/Tmut      8%         3d14      95%         5


Dungeon Overview and Level Annotations

Branches:
Dungeon (5/15)             Temple (1/1) D:5

Altars:
Ashenzari
Cheibriados
Dithmenos
Elyvilon
Fedhas
Gozag
Hepliaklqana
Kikubaaqudgha
Makhleb
Nemelex Xobeh
Okawaru
Qazlal
Ru
Sif Muna
Uskayaw
Vehumet
Wu Jian
Yredelemnul
Zin
The Shining One

Annotations:
Temple 2 transporters


Innate Abilities, Weirdness & Mutations

You are a venomous arachnid creature.
You have poisonous fangs.
You are tiny and dextrous.
Your spellcasting is less reliable in this form.
Your armour is entirely melded.
You are incapable of wielding weapons or throwing items.
((You can breathe waves of freezing cold which knock back foes.))
((Your icy white scales are hard. (AC +6)))
You cannot fit into any form of body armour.
((Your flesh is cold resistant. (rC+)))
((You are cold-blooded and may be slowed by cold attacks.))


Message History

The gnoll is almost dead.
Your transformation has ended.
Your +0 cloak unmelds from your body.
The gnoll bouda hits you with a +0 mace!
You hit the gnoll.
You kill the gnoll!
The Council accepts your kill.
Your attacks no longer feel as feeble.
You hit the gnoll bouda.
The gnoll bouda is heavily wounded.
The gnoll bouda hits you with a +0 mace.
You closely miss the gnoll bouda.
The gnoll bouda is severely wounded.
The gnoll bouda hits you with a +0 mace.
* * * LOW HITPOINT WARNING * * *
Casting: Spider Form (dangerous; 16% risk of failure)
Confirm with . or Enter, or press ? or * to list all spells.
You grow a pair of large bovine horns.
Your feet morph into talons.
The gnoll bouda hits you with a +0 mace!
* * * LOW HITPOINT WARNING * * *
It was a potion of brilliance.
You feel clever all of a sudden. The gnoll bouda closely misses you.
You hit the gnoll bouda but do no damage.
The gnoll bouda is almost dead.
The gnoll bouda gazes fiercely through you!
You feel your attacks grow feeble. The gnoll bouda barely misses you.
Casting: Beastly Appendage (safe; 2% risk of failure)
Confirm with . or Enter, or press ? or * to list all spells.
You feel a surge of power!
Your horns disappear.
Your talons disappear.
You turn into a venomous arachnid creature.
Your +0 cloak melds into your body.
The gnoll bouda misses you.
You hit the gnoll bouda but do no damage.
The gnoll bouda is almost dead.
The gnoll bouda gazes fiercely through you!
You feel as though you will be weak longer.
The gnoll bouda hits you with a +0 mace.
You die...

..#...........#.....#....#.......
..#...........#.....'....#...##..
..#...........#.....#....#...####
..#.......g...#.....#....#....#
..#...........#.....#....#....#
..#...........#.)...#....#....#
..#...........#.....'....#....#
..#...........#g....######'#####
..#...........#.s..............##
..#...........#.)...............#
..#...........#.........###+###.#
..#...........#.........#.....#.#
.##......##...'.........#.###.#.#
.##......##...#.....##'.'.#>'.'.#
..............#.....'...#.###.###
..............#.....#...#.....#
..............#.....#...###+###


You could see a gnoll bouda (poisoned).

Vanquished Creatures
  Sigmund (D:2)
  A water moccasin (D:5)
  A black bear (D:5)
  A phantom (D:4)
  2 necrophages
  2 hounds
  Ijyb (D:4)
  Jessica (D:2)
  A gnoll bouda (D:4)
  An orc wizard (D:5)
  Robin (D:3)
  8 gnolls
  7 adders
  A dart slug (D:3)
  5 orcs
  5 endoplasms
  11 goblins
  14 hobgoblins
  15 jackals
  4 quokkas
  8 ball pythons
  9 bats
  3 frilled lizards (D:1)
  10 kobolds
  4 rats
117 creatures vanquished.

Notes
Turn   | Place    | Note
-------+----------+-------------------------------------------
     0 | D:1      | Spess the Draconian Transmuter began the quest for the Orb.
     0 | D:1      | Reached XP level 1. HP: 16/16 MP: 3/3
   108 | D:1      | Reached XP level 2. HP: 20/23 MP: 5/5
   545 | D:1      | Reached skill level 1 in Stealth
   721 | D:1      | Reached XP level 3. HP: 24/29 MP: 6/6
   784 | D:1      | Learned a level 1 spell: Slow
   787 | D:1      | Learned a level 2 spell: Wereblood
  1045 | D:2      | Noticed Jessica
  1057 | D:2      | Killed Jessica
  1058 | D:2      | Reached skill level 1 in Hexes
  1058 | D:2      | Reached XP level 4. HP: 35/36 MP: 5/7
  1110 | D:2      | Noticed Sigmund
  1382 | D:2      | Killed Sigmund
  1383 | D:2      | Reached XP level 5. HP: 45/45 MP: 7/10
  1416 | D:2      | Learned a level 3 spell: Spider Form
  1630 | D:2      | Reached XP level 6. HP: 44/51 MP: 9/11
  1687 | D:2      | Found a hazy altar of Hepliaklqana.
  2115 | D:3      | Found a faded altar of an unknown god.
  2249 | D:3      | Noticed an ice beast
  2277 | D:3      | Reached skill level 1 in Poison Magic
  2621 | D:3      | Noticed Robin
  2682 | D:3      | Killed Robin
  3201 | D:4      | Noticed Ijyb
  3216 | D:4      | Killed Ijyb
  3609 | D:4      | Your scales start taking on an icy white colour.
  3609 | D:4      | Reached XP level 7. HP: 40/55 MP: 9/13
  3609 | D:4      | Gained mutation: Your flesh is cold resistant. (rC+) [White
                  | Draconian growth]
  3876 | D:5      | Entered Level 5 of the Dungeon
  4454 | D:5      | Found a staircase to the Ecumenical Temple.
  4469 | Temple   | Entered the Ecumenical Temple
  4469 | Temple   | Found a transporter.
  4469 | Temple   | Found a transporter.
  4471 | Temple   | Found a transporter.
  4471 | Temple   | Found a transporter.
  4585 | Temple   | Became a worshipper of the Wu Jian Council
  4636 | D:5      | Found a sacrificial altar of Ru.
  5197 | D:5      | HP: 2/58 [gnoll bouda/+0 mace (11)]
  5201 | D:5      | Slain by a gnoll bouda

Illustrated notes

Levels and vault maps discovered:
D:1:      lightli_iron_boxes, layout_loops_ring
D:2:      layout_basic, basic_altar, uniq_jessica, uniq_sigmund
D:3:      layout_rooms, shapermc_ecumenical_altar_mp_highgroup, fountainhead,
          chequers_arboretum, minmay_fractal_squares_gapless_5, uniq_robin
D:4:      layout_basic, minivault_25, uniq_ijyb
D:5:      layout_gridville, nicolae_ru_great_annihilating_truth,
          minmay_temple_entry_glassed_door, serial_bayou_crossing
Temple:   hellmonk_temple_divided_pantheon

Skill      XL: |  1  2  3  4  5  6  7 |
---------------+----------------------+-----
Dodging        | 2 3 |  3.0
Stealth        | 1 2 3 |  3.0
Fighting       | 2 3 |  3.8
Hexes          | 1 |  1.0
Spellcasting   | 3 4 |  4.8
Transmutations | 3 4 |  4.8
Poison Magic   | 1 |  1.0
Unarmed Combat | |  3.7

Action                   |  1- 3 |  4- 6 |  7- 9 || total
-------------------------+-------+-------+-------++-------
Melee: Unarmed           |   109 |   277 |   114 ||   500
       Tailslap          |    15 |    29 |    12 ||    56
       Kick              |     5 |     5 |    18 ||    28
       Punch             |     1 |     6 |     2 ||     9
       Dagger            |     3 |     4 |     4 ||    11
       Headbutt          |     1 |     2 |    12 ||    15
 Cast: Beastly Appendage |     3 |     4 |    11 ||    18
       Spider Form       |       |     5 |     4 ||     9
       Slow              |       |     1 |       ||     1
       Wereblood         |       |     1 |       ||     1
Invok: Lunge             |       |       |     6 ||     6
 Abil: Breathe Frost     |       |       |     1 ||     1
  Use: Potion            |       |     1 |     2 ||     3
 Stab: Sleeping          |     3 |     5 |     2 ||    10
       Paralysed         |       |       |     1 ||     1
Armor: Skin              |    47 |    80 |    31 ||   158
Dodge: Dodged            |    70 |   175 |    97 ||   342

Table legend: (Time is in decaauts)
 A = Elapsed time spent in this place.
 B = Non-inter-level travel time spent in this place.
 C = Inter-level travel time spent in this place.
 D = Time resting spent in this place.
 E = Time spent auto-exploring this place.
 F = Levels seen in this place.
 G = Mean time per level.
                   A        B        C        D        E       F      G
               +--------+--------+--------+--------+--------+-----+--------+
         Total |   5172 |   4887 |    285 |   1074 |   2056 |   6 |  862.0 |
       Dungeon |   5040 |   4755 |    285 |   1074 |   2055 |   5 | 1008.0 |
        Temple |    132 |    132 |      0 |      0 |      1 |   1 |  132.0 |
               +--------+--------+--------+--------+--------+-----+--------+

Top non-repeatable levels by time:
     D:2: 1156 daAuts
     D:3: 1090 daAuts
     D:1: 939 daAuts
     D:4: 938 daAuts
     D:5: 915 daAuts
  Temple: 132 daAuts
